 Dungeon Crawl Stone Soup version 0.30-a0-341-g682706514a (webtiles) character file.

Game seed: 10704576763708727015

819 koil the Chopper (level 7, -4/63 HPs)
             Began as a Hill Orc Berserker on Nov 2, 2022.
             Was a Believer of Trog.
             Slain by a black bear (8 damage)
             ... on level 6 of the Dungeon.
             The game lasted 00:13:00 (5093 turns).

koil the Chopper (Hill Orc Berserker)               Turns: 5093, Time: 00:13:01

Health: -4/63      AC:  9    Str: 22      XL:     7   Next: 95%
Magic:  7/7        EV: 11    Int:  5 (7)  God:    Trog [**....]
Gold:   260        SH:  0    Dex: 16 (18) Spells: 6/6 levels left

rFire   x . .      SeeInvis .    a - +1 hand axe
rCold   . . .      Faith    .    (no shield)
rNeg    . . .      Spirit   .    l - +0 scale mail
rPois   +          Reflect  .    (helmet restricted)
rElec   +          Harm     .    j - +1 cloak
rCorr   .          Rampage  .    (no gloves)
Will    .....      Clarity  +    (no boots)
Stlth   ..........               (no amulet)
HPRegen 0.30/turn                u - ring of flight
MPRegen 0.10/turn                b - ring "Boyc" {Drain rElec rPois rF- Dex+8}

@: flying
A: horns 1, clarity
a: Renounce Religion, Berserk, Trog's Hand


You were on level 6 of the Dungeon.
You worshipped Trog.
Trog was pleased with you.
You visited 2 branches of the dungeon, and saw 7 of its levels.

You collected 260 gold pieces.

Inventory:

Hand Weapons
 a - a +1 hand axe (weapon)
Armour
 j - a +1 cloak (worn)
 l - a +0 scale mail (worn)
Jewellery
 b - the ring "Boyc" (right hand) {Drain rElec rPois rF- Dex+8}
   (You acquired it in the Ecumenical Temple)

   [ring of poison resistance]

   Dex:       It affects your dexterity (+8).
   rF:        It makes you vulnerable to fire.
   rElec:     It insulates you from electricity.
   rPois:     It protects you from poison.
   Drain:     It drains your maximum health when unequipped.
 u - a ring of flight (left hand)
 v - a ring of ice
Scrolls
 c - 4 scrolls of teleportation
 d - a scroll of identify
 p - 2 scrolls of vulnerability
Potions
 e - a potion of resistance
 g - 2 potions of curing
 h - 2 potions of lignification
 i - 2 potions of heal wounds
 q - a potion of haste
 A - a potion of flight


   Skills:
 + Level 6.3 Fighting
 + Level 6.9 Axes
 + Level 5.2 Armour
 + Level 3.8 Dodging


You had 6 spell levels left.
You didn't know any spells.
Your spell library was empty.

Dungeon Overview and Level Annotations

Branches:
Dungeon (6/15)             Temple (1/1) D:5

Altars:
Ashenzari
Cheibriados
Dithmenos
Elyvilon
Fedhas
Gozag
Hepliaklqana
Makhleb
Nemelex Xobeh
Okawaru
Qazlal
Ru
Sif Muna
Trog
Uskayaw
Vehumet
Wu Jian
Xom
Yredelemnul

Shops:
D:2 (

Annotations:
Temple 3 transporters


Innate Abilities, Weirdness & Mutations

You have a pair of small horns on your head.
You possess an exceptional clarity of mind.


Message History

The black bear bites you! The black bear claws you.
The black bear closely misses you. The black bear bites you!
The black bear completely misses you.
The black bear claws you but does no damage.
You are too injured to fight recklessly!
You are too injured to fight recklessly!
You are too injured to fight recklessly!
You hit the black bear. You headbutt the black bear.
The black bear is almost dead.
The black bear bites you but does no damage.
The black bear claws you but does no damage.
The black bear claws you.
You closely miss the black bear.
The black bear is almost dead.
The black bear misses you. The black bear closely misses you.
The black bear claws you but does no damage.
You hit the black bear.
The black bear is almost dead.
The black bear bites you. The black bear claws you.
* * * LOW HITPOINT WARNING * * *
The black bear barely misses you.
The black bear bites you but does no damage.
The black bear claws you but does no damage.
The black bear claws you.
* * * LOW HITPOINT WARNING * * *
You closely miss the black bear.
The black bear is almost dead.
The black bear bites you.
* * * LOW HITPOINT WARNING * * *
The black bear claws you.
* * * LOW HITPOINT WARNING * * *
The black bear claws you but does no damage.
The black bear bites you.
* * * LOW HITPOINT WARNING * * *
The black bear claws you.
* * * LOW HITPOINT WARNING * * *
The black bear claws you but does no damage.
The black bear rages.
The black bear bites you!
You die...

......####..##..........
........#....#..........
.............#..........
.#.##).....#...........#
..##.#.†....#...........
.. #..#.................
.. #..#.................
.........##.....h.......
#......#.......@.......
##.....#.#............#
#......#..........#...
.........###..##.....##
........# #..# .......
.... ..## ....... ..
.##. ....... .. ..##...


You could see a black bear (berserk).

Vanquished Creatures
  A sky beast (D:6)
  A centaur (D:6)
  2 scorpions
  2 necrophages
  A howler monkey (D:6)
  A hound (D:6)
  A jelly (D:5)
  Terence (D:2)
  2 iguanas
  2 orc wizards (D:6)
  12 adders
  A white imp (D:6)
  An ufetubus (D:5)
  2 dart slugs
  4 orcs
  3 ball pythons
  2 bats (D:1)
  4 endoplasms
  A giant cockroach (D:1)
  4 goblins
  12 hobgoblins
  5 jackals
  7 kobolds
  4 quokkas
  A frilled lizard (D:2)
  3 rats (D:1)
80 creatures vanquished.

Notes
Turn   | Place    | Note
-------+----------+-------------------------------------------
     0 | D:1      | koil the Hill Orc Berserker began the quest for the Orb.
     0 | D:1      | Reached XP level 1. HP: 19/19 MP: 1/1
   159 | D:1      | Reached XP level 2. HP: 14/27 MP: 2/2
  1155 | D:2      | Reached XP level 3. HP: 29/33 MP: 3/3
  1338 | D:2      | Found Rar Pits's Antique Weapon Boutique.
  1341 | D:2      | Noticed Terence
  1351 | D:2      | Killed Terence
  1352 | D:2      | Reached XP level 4. HP: 35/40 MP: 4/4
  1999 | D:3      | Reached ** piety under Trog
  2046 | D:3      | Reached skill level 5 in Axes
  2046 | D:3      | Reached XP level 5. HP: 46/47 MP: 5/5
  2207 | D:3      | You fall into a shaft and drop 2 floors!
  2207 | D:5      | Entered Level 5 of the Dungeon
  2564 | D:4      | Reached skill level 5 in Fighting
  2564 | D:4      | Reached XP level 6. HP: 32/56 MP: 6/6
  3886 | D:5      | Found a staircase to the Ecumenical Temple.
  4335 | Temple   | Entered the Ecumenical Temple
  4335 | Temple   | Found a transporter.
  4335 | Temple   | Found a transporter.
  4348 | Temple   | Found a transporter.
  4353 | Temple   | Found a transporter.
  4373 | Temple   | Gained mutation: You possess an exceptional clarity of
                  | mind. [potion of mutation]
  4373 | Temple   | Gained mutation: You have a pair of small horns on your
                  | head. [potion of mutation]
  4412 | Temple   | Identified a scroll of acquirement
  4412 | Temple   | Acquired the ring "Boyc" {Drain rElec rPois rF- Dex+8}
  4456 | D:6      | Noticed an orc warrior
  4464 | D:6      | Reached XP level 7. HP: 37/61 MP: 7/7
  4735 | D:6      | Noticed a wraith
  4886 | D:6      | Reached skill level 5 in Armour
  5093 | D:6      | Slain by a black bear

Illustrated notes

Levels and vault maps discovered:
D:1:      dpeg_arrival_round_a, layout_loops_corners,
          amcnicky_mini_corridor_feature
D:2:      layout_rooms, serial_shops, nicolae_shop_advertising_works
          [nicolae_subvault_shop_adworks], ebering_dispersal_statue_hall,
          uniq_terence
D:3:      layout_rooms, minmay_misc_feat_five
D:4:      layout_loops_ring
D:5:      layout_basic, minmay_temple_entry_butterflies, minivault_23
D:6:      layout_layer_cave, hangedman_decor_growths
Temple:   hellmonk_temple_divided_pantheon

Skill      XL: |  1  2  3  4  5  6  7 |
---------------+----------------------+-----
Fighting       | 4 5 6 |  6.3
Dodging        | 2 3 |  3.8
Armour         | 3 4 5 |  5.2
Axes           | 5 6 |  6.9

Action                   |  1- 3 |  4- 6 |  7- 9 || total
-------------------------+-------+-------+-------++-------
Melee: Hand axe          |    95 |   217 |    87 ||   399
       Punch             |       |     1 |       ||     1
       Headbutt          |       |     2 |    13 ||    15
Throw: Throwing net      |     1 |       |     1 ||     2
  Use: Scroll            |       |    14 |       ||    14
       Potion            |       |     4 |       ||     4
 Stab: Held in net/web   |       |       |     1 ||     1
Armor: Animal skin       |     8 |       |       ||     8
       Scale mail        |    10 |   116 |    51 ||   177
Dodge: Dodged            |    44 |   108 |    57 ||   209

Table legend: (Time is in decaauts)
 A = Elapsed time spent in this place.
 B = Non-inter-level travel time spent in this place.
 C = Inter-level travel time spent in this place.
 D = Time resting spent in this place.
 E = Time spent auto-exploring this place.
 F = Levels seen in this place.
 G = Mean time per level.
                   A        B        C        D        E       F      G
               +--------+--------+--------+--------+--------+-----+--------+
         Total |   5106 |   4930 |    176 |    566 |   3533 |   7 |  729.4 |
       Dungeon |   4995 |   4819 |    176 |    531 |   3533 |   6 |  832.5 |
        Temple |    110 |    110 |      0 |     35 |      0 |   1 |  110.0 |
               +--------+--------+--------+--------+--------+-----+--------+

Top non-repeatable levels by time:
     D:5: 1425 daAuts
     D:1: 1155 daAuts
     D:4: 761 daAuts
     D:2: 737 daAuts
     D:3: 614 daAuts
     D:6: 301 daAuts
  Temple: 110 daAuts
